 Dungeon Crawl Stone Soup version 0.21.1-1-g345015fe64 (webtiles) character file.

45 OlSheep the Insei (level 3, -1/18 HPs)
             Began as a Vine Stalker Transmuter on July 7, 2018.
             Slain by a goblin (2 damage)
             ... led by Robin
             ... on level 2 of the Dungeon.
             The game lasted 00:06:37 (1354 turns).

OlSheep the Insei (Vine Stalker Transmuter)         Turns: 1354, Time: 00:06:37

Health: -1/18      AC:  2    Str: 13    XL:     3   Next: 64%
Magic:  0/8        EV: 12    Int: 13    God:
Gold:   55         SH:  0    Dex: 14    Spells: 4/7 levels left

rFire    . . .     SeeInvis .     - Unarmed
rCold    . . .     Gourm    .   (no shield)
rNeg     . . .     Faith    .   b - +0 robe
rPois    .         Spirit   +   (no helmet)
rElec    .         Reflect  .   (no cloak)
rCorr    .         Harm     .   (no gloves)
MR       .....                  (boots currently unavailable)
Stlth    +.........             (no amulet)
HPRegen  0.06/turn              (no ring)
MPRegen  0.11/turn              (no ring)

@: appendage
A: fangs 2, talons 3, magic shield, antimagic bite, no potion heal 3, rot
immunity
a: End Transformation


You were on level 2 of the Dungeon.
You were not hungry.
You had grown temporary talons.
You visited 1 branch of the dungeon, and saw 2 of its levels.

You collected 55 gold pieces.

Inventory:

Missiles
 a - 29 arrows
Armour
 b - a +0 robe (worn)
Scrolls
 e - a scroll of enchant weapon {unknown}
 h - 3 scrolls of identify {unknown}
Potions
 f - a potion of might {unknown}
 g - a potion of haste {unknown}
 i - a potion of curing {unknown}
Books
 c - a book of Changes

   Spells                             Type                      Level
   a - Beastly Appendage              Transmutation                1
   b - Sticks to Snakes               Transmutation                2
   c - Spider Form                    Transmutation/Poison         3
   d - Ice Form                       Ice/Transmutation            4
   e - Blade Hands                    Transmutation                5
Comestibles
 d - 3 rations


   Skills:
 + Level 1.0 Fighting
 + Level 1.7 Dodging
 + Level 3.6 Unarmed Combat
 + Level 2.7 Spellcasting
 * Level 2.6 Transmutations


You had 4 spell levels left.
You knew the following spells:

 Your Spells              Type           Power        Failure   Level  Hunger
a - Beastly Appendage     Tmut           #.....       8%          1    #......
b - Sticks to Snakes      Tmut           #.......     12%         2    ###....


Dungeon Overview and Level Annotations

Branches:
Dungeon (2/15)

Altars:
Fedhas

Annotations:
D:2 exclusion: adder, Jessica


Innate Abilities, Weirdness & Mutations

You have extremely sharp teeth.
When hurt, damage is shared between your health and your magic reserves.
Your bite disrupts and absorbs the magic of your enemies.
Potions cannot restore your health.
You are immune to rotting.
You have claws for feet.


Message History

Jessica gestures at you while chanting.
You barely resist.
A goblin comes into view.
The goblin no longer looks unusually strong.
A dart slug comes into view.
Jessica gestures at you while chanting. Pain shoots through your body!
* * * LOW HITPOINT WARNING * * *
Jessica gestures wildly while chanting.
Jessica blinks!
Jessica gestures at you while chanting. You resist with some effort.
Jessica mumbles some strange words.
Jessica seems to speed up.
Jessica gestures wildly while chanting.
Jessica blinks!
Casting: Beastly Appendage
Confirm with . or Enter, or press ? or * to list all spells.
Your feet morph into talons.
The goblin hits you.
You die...

..#### #..≈≈≈#
##.≈≈≈.# #
#..≈_≈.. #####.#
#..≈≈≈≈. #.g@..#
#.≈...≈. #s#####
####...##..
#.#####
#.g.s......
#.#...##
#.###.#####
#...s..###.#
#)g(..[
#....g.g...#
#)#####
#.........### #g#
#.@...........#.#
#.....w...###.#g#


You could see a giant cockroach and a goblin.

Vanquished Creatures
  Robin (D:2)
  A worm (D:1)
  A leopard gecko (D:2)
  A giant cockroach (D:2)
  5 hobgoblins
  A ball python (D:1)
  3 bats (D:2)
  4 frilled lizards
  6 goblins
  4 kobolds
  4 rats (D:1)
31 creatures vanquished.

Notes
Turn   | Place    | Note
-------+----------+-------------------------------------------
     0 | D:1      | OlSheep the Vine Stalker Transmuter began the quest for the Orb.
     0 | D:1      | Reached XP level 1. HP: 9/9 MP: 4/4
   220 | D:1      | Reached XP level 2. HP: 14/14 MP: 4/6
  1063 | D:2      | Reached XP level 3. HP: 17/17 MP: 7/7
  1292 | D:2      | Learned a level 2 spell: Sticks to Snakes
  1324 | D:2      | Noticed Robin
  1333 | D:2      | Killed Robin
  1333 | D:2      | Reached skill level 1 in Fighting
  1335 | D:2      | Found a blossoming altar of Fedhas.
  1342 | D:2      | Noticed Jessica
  1354 | D:2      | Slain by a goblin

Skill      XL: |  1  2  3 |
---------------+----------+-----
Fighting       | 1 |  1.0
Dodging        | |  1.7
Unarmed Combat | |  3.6
Spellcasting   | |  2.7
Transmutations | |  2.6

Action                   || total
-------------------------++-------
Melee: Unarmed           ||    56
       Bite              ||    10
       Kick              ||     5
       Headbutt          ||     5
       Punch             ||     1
 Cast: Beastly Appendage ||    22
 Stab: Sleeping          ||     3
  Eat: Chunk             ||     2
Armor: Robe              ||    12
Dodge: Dodged            ||    25
